 Dungeon Crawl Stone Soup version 0.20-a0-309-gcba9277 (console) character file.

229319 nht the Axe Maniac (level 18, -7/166 HPs)
             Began as a Minotaur Chaos Knight on Dec 19, 2016.
             Mangled by a stone giant simulacrum (23 damage)
             ... on level 3 of the Depths.
             The game lasted 01:28:47 (31533 turns).

nht the Axe Maniac (Minotaur Chaos Knight)         Turns: 31533, Time: 01:28:49

Health: -7/166     AC: 36    Str: 29    XL:     18   Next: 73%
Magic:  20/20      EV: 20    Int: 11    God:    Xom [*.....]
Gold:   1961       SH:  0    Dex: 19    Spells: 17/17 levels left

rFire  + . .     SeeInvis +     a - +6 executioner's axe (freeze)
rCold  + . .     Gourm    .     E - +14 chain mail of Optimism {Dex+6}
rNeg   . . .     Faith    .     (shield currently unavailable)
rPois  +         Spirit   .     (helmet unavailable)
rElec  .         Reflect  .     Q - +2 cloak {MR+}
rCorr  .         Harm     .     R - +1 pair of gloves
MR     ++++.                    I - +0 pair of boots
Stlth  ..........               U - amulet of regeneration
                                s - ring of flight
                                t - ring of protection from fire

@: mighty
A: retaliatory headbutt, horns 3, see invisible, clever 1, cold resistance 1,
magic resistance 2, poison resistance, shaggy fur 1, strong 1, wild magic 1
}: 1/15 runes: decaying
a: Renounce Religion, Evoke Flight


You were on level 3 of the Depths.
You worshipped Xom.
You were a special plaything of Xom.
You were not hungry.

You visited 5 branches of the dungeon, and saw 30 of its levels.
You visited the Abyss 1 time.
You also visited: Ice Cave.

You collected 3244 gold pieces.
You spent 1283 gold pieces at shops.

Inventory:

Hand Weapons
 a - a +6 executioner's axe of freezing (weapon)
 e - the +7 great mace "Firestarter" {inner flame, rF++}
   (You took it off a fire giant on level 12 of the Dungeon)

   It has been specially enchanted to burn those struck by it, causing extra
   injury to most foes and up to half again as much damage against particularly
   susceptible opponents.
   It greatly protects you from fire.
Missiles
 z - 8 javelins of returning (quivered)
 G - 43 tomahawks
Armour
 d - +0 ice dragon scales
 B - a +2 hat of magic resistance
 E - the +14 chain mail of Optimism (worn) {Dex+6}
   (You found it on level 1 of the Swamp)

   It affects your dexterity (+6).
 I - a +0 pair of boots (worn)
 N - a +0 cloak of invisibility
 Q - a +2 cloak of magic resistance (worn)
 R - a +1 pair of gloves (worn)
Jewellery
 b - an uncursed ring of see invisible
 g - an uncursed ring of protection from magic
 i - an uncursed amulet of rage
 s - a ring of flight (right hand)
 t - a ring of protection from fire (left hand)
 x - an uncursed ring of resist corrosion
 C - an uncursed ring of positive energy
 U - an amulet of regeneration (around neck)
Wands
 k - a wand of disintegration (3/24)
 A - a wand of paralysis (15/24)
 O - a wand of iceblast (4/15)
 S - a wand of paralysis (13/24)
 T - a wand of lightning (1/15)
 X - a wand of enslavement (3/24)
Scrolls
 m - 15 scrolls of remove curse
 n - 13 scrolls of identify
 u - a scroll of magic mapping
 y - 3 scrolls of fear
 D - 2 scrolls of blinking
 F - 11 scrolls of enchant armour
 Z - 2 scrolls of fog
Potions
 f - a potion of flight
 q - 2 potions of curing
 J - 2 potions of invisibility
 K - a potion of brilliance
 L - a potion of beneficial mutation
 P - a potion of cure mutation
 Y - 3 potions of cancellation
Miscellaneous
 l - a lamp of fire
 p - a fan of gales
 w - a phantom mirror
 H - a phial of floods
Comestibles
 c - 24 bread rations
 j - 21 meat rations
 o - 24 fruits
 r - 12 beef jerkies
 v - a slice of pizza
 M - 4 royal jellies
 V - 8 chunks of flesh


   Skills:
 + Level 15.7 Fighting
 O Level 27 Axes
 + Level 14.7 Armour
 + Level 14.4 Dodging
 - Level 4.4 Evocations


You had 17 spell levels left.
You didn't know any spells.

Dungeon Overview and Level Annotations

Branches:
Dungeon (15/15)            Temple (0/1) D:4            Lair (6/6) D:9
  Swamp (4/4) Lair:4       Spider (0/4) Lair:4        Slime (0/5) Lair:5
    Orc (2/2) D:11            Elf (0/3) Orc:2        Vaults (0/5) D:13
 Depths (3/5) D:15

Altars:
Ashenzari
Dithmenos
Elyvilon
Kikubaaqudgha
Makhleb
Nemelex Xobeh
Qazlal
Trog
Xom
Yredelemnul
Zin
Beogh
Jiyva

Shops:
D:4 (   D:7 (   D:14 }   Orc:2 [[([

Portals:
Hell: Depths:2
Abyss: Depths:1
Pandemonium: Depths:3
Ziggurat: Depths:1

Annotations:
D:3 nht's ghost, amateur MiCK
Depths:1 1 runed door, exclusion: hellion


Innate Abilities, Weirdness & Mutations

You reflexively headbutt those who attack you in melee.
You have a pair of large horns on your head.
You have supernaturally acute eyesight. (SInv)
Your mind is acute. (Int +2)
Your flesh is cold resistant. (rC+)
You are highly resistant to hostile enchantments. (MR++)
Your system is resistant to poisons. (rPois)
You are covered in fur. (AC +1)
Your muscles are strong. (Str +2)
Your spells are a little harder to cast, but a little more powerful.


Message History

Unknown command.
You barely miss the fire giant. You headbutt the fire giant.
The fire giant is lightly wounded.
Your chain mail of Optimism prevents you from hitting the crimson imp.
The crimson imp completely misses you. You furiously retaliate!
You headbutt the crimson imp!!
You kill the crimson imp!
You slash the fire giant! You freeze the fire giant.
The fire giant is lightly wounded.
You hit the stone giant simulacrum. The fire giant casts a spell at you.
The bolt of fire misses you.
You slash the fire giant! You freeze the fire giant.
The fire giant is moderately wounded.
You slice the stone giant simulacrum!! The stone giant simulacrum hits you!!
* * * LOW HITPOINT WARNING * * *
The stone giant simulacrum freezes you!!
You resist.
You die...
Xom laughs nastily!

█..)...█ ██....██
█......████
█..█........
██.███.....██ ███...█
█.....█ .█..█ ███..(█
██C..██ ██..█
███@....███ ███(.██
█..(Z.....█ █....███
█.[.).....███.......
█...........█........
......
......█.█.............
....██
██.█...█.█.∩....█+█....
....█ █.█████.██.███.█
..... ...... █ .█. .
█.█


████ ...... █ █.█ You could see a fire giant and a stone giant simulacrum.

Vanquished Creatures
  Margery (Depths:3)
  Nikola (Depths:3)
  Jorgrun (Swamp:4)
  Rupert (D:15)
  A titan (Depths:2)
  An eldritch tentacle (Depths:2)
  Gastronok (Orc:1)
  Roxanne (Swamp:3)
  4 fire giants
  2 frost giants
  An orc warlord (Orc:2)
  A caustic shrike zombie (Depths:1)
  2 curse skulls (Depths:2)
  A caustic shrike skeleton (Depths:2)
  11 very ugly things
  2 vampire knights
  2 stone giants
  Azrael (D:15)
  4 ettins
  10 fire dragons
  Josephine (D:15)
  A minotaur (Lair:5)
  4 rakshasas
  A vault guard (D:13)
  2 great orbs of eyes
  6 ice dragons
  14 hydras
  A caustic shrike simulacrum (Depths:1)
  3 centaur warriors
  6 ghost crabs
  Erica (Lair:1)
  5 deep troll earth magi (Depths:1)
  A deep troll shaman (Depths:1)
  12 alligators
  The ghost of TotoDurand the Thaumaturge, a journeyman DENe of Kikubaaqudgha (Lair:2)
  A dancing weapon (Depths:1)
  7 two-headed ogres
  3 orc high priests (Orc:2)
  A tengu warrior (Depths:1)
  20 hell knights
  3 titan skeletons (Depths:2)
  2 unseen horrors
  3 spriggan druids
  A spark wasp zombie (Depths:1)
  A flayed ghost (D:15)
  3 shambling mangroves
  13 skeletal warriors
  4 deep trolls (Depths:1)
  A glowing orange brain (Depths:2)
  5 swamp dragons
  A harpy (shapeshifter) (Depths:2)
  An orc knight (Orc:2)
  2 phantasmal warriors (Depths:1)
  A lindwurm (Lair:6)
  2 fire giant zombies (Depths:1)
  2 golden dragon skeletons (Depths:2)
  10 necromancers
  A manticore (D:14)
  A deep elf mage (D:14)
  2 cyclopes
  3 wolf spider zombies
  3 orc sorcerers (Orc:2)
  2 shadow dragon skeletons (Depths:2)
  26 ugly things
  4 frost giant skeletons
  5 oklob plants
  Maurice (D:9)
  6 elephants
  2 fire giant skeletons (Depths:2)
  A stone giant skeleton (Depths:2)
  7 black mambas
  3 molten gargoyles (Lair:6)
  3 ice statues (IceCv)
  An iron dragon skeleton (Depths:2)
  A spriggan zombie (D:15)
  A rime drake (Lair:4)
  18 spiny frogs
  3 gargoyles
  A torpor snail (Lair:6)
  12 komodo dragons
  2 kobold demonologists (D:15)
  3 freezing wraiths (Swamp:4)
  A yaktaur (shapeshifter) (Depths:1)
  A guardian mummy (D:15)
  A hellwing (Depths:1)
  3 yaktaurs
  9 spriggan skeletons
  4 tengu conjurers
  2 jumping spiders (Lair:4)
  A polar bear (Lair:3)
  A red devil (Depths:1)
  7 tyrant leeches
  6 trolls
  A merfolk (D:13)
  10 hornets
  32 slime creatures
  9 hippogriffs
  4 blink frogs (Lair:1)
  4 bog bodies
  12 dream sheep
  2 meliai zombies (D:14)
  17 flying skulls (Depths:2)
  A redback (Lair:4)
  A deep troll skeleton (Depths:1)
  4 shadows
  8 wraiths
  A vampire (D:12)
  32 yaks
  A fire dragon skeleton (Depths:1)
  8 spriggans
  3 fire elementals
  9 wyverns
  An ettin skeleton (Depths:2)
  3 water elementals
  A yak (shapeshifter) (D:15)
  6 fire bats (D:12)
  A steam dragon (Lair:6)
  7 basilisks
  5 swamp worm simulacra (Swamp:4)
  20 vampire mosquitoes
  2 hungry ghosts (D:11)
  6 insubstantial wisps (Swamp:4)
  4 wargs (Orc:2)
  15 swamp worms
  A soldier ant (D:12)
  13 hydra simulacra (Swamp:4)
  6 hell hounds
  7 swamp drakes
  14 water moccasins
  5 porcupines
  A floating eye (shapeshifter) (D:13)
  2 tengu skeletons
  3 sky beasts
  37 orc warriors
  16 ice beasts
  An eye of draining (D:11)
  A phantom (D:9)
  3 wolves (Lair:4)
  13 ogres
  18 centaurs
  4 boggarts (Depths:1)
  10 crocodiles
  4 big kobolds
  A wyvern zombie (D:13)
  3 gnoll sergeants (D:9)
  15 bullfrogs
  2 wyvern skeletons
  A yaktaur skeleton (D:15)
  4 scorpions
  11 killer bees
  3 wights (D:12)
  3 howler monkeys
  8 electric eels
  14 crimson imps
  5 lava snakes (Lair:6)
  A bullfrog zombie (D:10)
  4 centaur zombies
  9 hounds
  23 orc priests
  A bullfrog skeleton (D:6)
  2 gnoll shamans (D:9)
  7 jellies
  26 orc wizards
  5 centaur skeletons
  An iguana (D:4)
  11 worker ants
  A howler monkey zombie (D:5)
  19 gnolls
  14 adders
  5 shadow imps
  A white imp (Depths:2)
  2 oozes
  3 swamp drake simulacra (Swamp:4)
  2 adder zombies
  An adder skeleton (D:5)
  12 worms
  3 dart slugs
  4 leopard geckos
  102 orcs
  5 bats
  3 giant cockroaches
  10 goblins
  11 hobgoblins
  11 jackals
  25 kobolds
  6 quokkas
  5 frilled lizards
  A quokka skeleton (D:4)
  2 quokka zombies
  4 rats
  6 fungi
  8 plants
1158 creatures vanquished.

Vanquished Creatures (collateral kills)
  Mara (Swamp:4)
  A hydra (Swamp:3)
  A two-headed ogre (D:10)
  2 hell knights (Depths:1)
  A necromancer (Depths:1)
  An orc sorcerer (Orc:2)
  A dream sheep (Lair:6)
  A spriggan (Swamp:4)
  3 orc warriors (Orc:2)
  A sky beast (D:10)
  An ogre (Orc:2)
  A gnoll sergeant (D:10)
  A scorpion (D:10)
  A killer bee (D:8)
  2 orc wizards
  2 orc priests
  A gnoll (D:9)
  4 orcs
  2 kobolds (D:9)
28 creatures vanquished.

Vanquished Creatures (others)
  A hydra (Lair:6)
  2 alligators (Swamp:4)
  A dancing weapon (Swamp:4)
  A spiny frog (Swamp:4)
  A freezing wraith (Swamp:4)
  A hippogriff (Lair:6)
  2 dream sheep (Lair:4)
  A spriggan (Swamp:3)
  2 hydra simulacra (Swamp:4)
  A hell hound (D:15)
  2 wolves (Lair:4)
  5 fungi (Lair:6)
  30 plants
  6 withered plants (D:15)
56 creatures vanquished.

Grand Total: 1242 creatures vanquished

Notes
Turn   | Place    | Note
-------+----------+-------------------------------------------
     0 | D:1      | nht the Minotaur Chaos Knight began the quest for the Orb.
     0 | D:1      | Reached XP level 1. HP: 19/19 MP: 0/0
   292 | D:1      | Reached skill level 4 in Axes
   331 | D:1      | Reached XP level 2. HP: 26/26 MP: 1/1
   378 | D:1      | XOM: divination: detect creatures
   816 | D:2      | XOM: divination: magic mapping
   822 | D:2      | Reached skill level 5 in Axes
   823 | D:2      | Reached XP level 3. HP: 31/31 MP: 2/2
  1268 | D:2      | Reached skill level 6 in Axes
  1268 | D:2      | Reached XP level 4. HP: 34/39 MP: 3/3
  1698 | D:3      | Found a shadowy altar of Dithmenos.
  1704 | D:3      | Found a burning altar of Makhleb.
  1752 | D:3      | Noticed nht's ghost (amateur MiCK)
  1755 | D:3      | XOM: noise
  1757 | D:3      | XOM: divination: detect items
  1764 | D:3      | Reached XP level 5. HP: 44/45 MP: 4/4
  1807 | D:3      | XOM: cleaving
  1813 | D:3      | XOM: god gift: crystal ball of energy
  1815 | D:3      | Cast into level 1 of the Abyss (nht's ghost)
  1815 | D:3      | Escaped the Abyss
  1815 | D:3      | XOM: revert banishment
  1817 | D:3      | this fucking ghost
  1847 | D:4      | Found Moitiga's Weapon Shoppe.
  1856 | D:4      | Reached skill level 7 in Axes
  2211 | D:4      | Found a bloodstained altar of Trog.
  2248 | D:4      | Noticed a crocodile
  2413 | D:3      | XOM: give mutations
  2413 | D:3      | Gained mutation: You are resistant to hostile enchantments. (MR+) [Xom's grace]
  2413 | D:3      | Gained mutation: You are partially covered in thin metallic scales. (AC +2) [Xom's grace]
  2533 | D:3      | XOM: 3-stop teleportation journey
  2649 | D:4      | XOM: fog
  2653 | D:5      | Entered Level 5 of the Dungeon
  2673 | D:5      | XOM: harmless Hex miscast
  2679 | D:5      | Reached skill level 8 in Axes
  2711 | D:5      | XOM: enchant monster (bad)
  2724 | D:5      | XOM: confuse monster(s)
  2728 | D:5      | Reached XP level 6. HP: 36/51 MP: 5/5
  2799 | D:5      | Reached skill level 9 in Axes
  2928 | D:5      | XOM: god gift: potion of curing
  3047 | D:5      | Reached XP level 7. HP: 39/57 MP: 6/6
  3053 | D:5      | XOM: divination: detect items
  3057 | D:5      | HP: 1/57 [ogre/giant club (27)]
  3061 | D:5      | Reached skill level 10 in Axes
  3065 | D:5      | XOM: mild Chrm miscast
  3592 | D:5      | XOM: harmless Divn miscast
  3880 | D:6      | Reached skill level 11 in Axes
  3882 | D:6      | Got a dazzling long sword {holy}
  3882 | D:6      | XOM: harmless Divn miscast
  3965 | D:6      | Identified the +8 long sword "Iposomynt" {holy, Int+2} (You took it off a centaur on level 6 of the Dungeon)
  3970 | D:6      | Found a bloodstained altar of Trog.
  4058 | D:6      | XOM: harmless Tmut miscast
  4078 | D:6      | XOM: 7-stop teleportation journey
  4148 | D:6      | Reached XP level 8. HP: 64/64 MP: 7/7
  4233 | D:6      | XOM: harmless Erth miscast
  4503 | D:7      | XOM: noise
  4661 | D:7      | Reached skill level 12 in Axes
  4848 | D:7      | Found Ucseg's Weapon Shop.
  4870 | D:7      | XOM: medium Hex miscast
  5094 | D:7      | Found a glowing silver altar of Zin.
  5247 | D:7      | XOM: enchant monster (bad)
  5490 | D:7      | Got a crude war axe {chop}
  5491 | D:7      | Identified the cursed +3 war axe "Beetleslayer" {chop, *Contam rC+++ Dex+3 Stlth+} (You took it off an orc wizard on level 7 of the Dungeon)
  5508 | D:7      | Found a basalt altar of Yredelemnul.
  5508 | D:7      | Found a shattered altar of Ashenzari.
  5580 | D:8      | XOM: harmless Summ miscast
  5662 | D:8      | XOM: swap monsters
  5664 | D:8      | Reached skill level 13 in Axes
  5679 | D:8      | XOM: god gift: plate armour {god gift}
  5789 | D:8      | Noticed a two-headed ogre
  5795 | D:8      | Killed a two-headed ogre
  5795 | D:8      | Reached skill level 14 in Axes
  5795 | D:8      | Reached XP level 9. HP: 70/70 MP: 8/8
  5803 | D:8      | XOM: enchant monster (good)
  5835 | D:8      | Found a stormy altar of Qazlal.
  6122 | D:8      | XOM: cloud trail
  6129 | D:8      | Paralysed by a hornet for 1 turns
  6422 | D:8      | Reached skill level 15 in Axes
  6434 | D:8      | Noticed a centaur warrior
  6470 | D:8      | Killed a centaur warrior
  6700 | D:8      | XOM: mild Necr miscast
  6704 | D:8      | Reached skill level 16 in Axes
  6853 | D:8      | XOM: summons 9 friendly demons
  7091 | D:4      | Reached XP level 10. HP: 70/78 MP: 9/9
  7149 | D:4      | Found a staircase to the Ecumenical Temple.
  7150 | D:4      | XOM: noise
  7421 | D:3      | XOM: summons 1 hostile demon
  7569 | D:9      | Noticed Maurice
  7589 | D:9      | Killed Maurice
  7622 | D:9      | XOM: cloud trail
  7645 | D:9      | Found a sparkling altar of Nemelex Xobeh.
  7648 | D:9      | Found an ancient bone altar of Kikubaaqudgha.
  7725 | D:9      | Found a staircase to the Lair.
  7850 | D:9      | XOM: medium Tmut miscast
  7931 | D:9      | Gained mutation: Your magical capacity is low. (-10% MP) [mutagenic glow]
  8018 | D:9      | XOM: harmless Fire miscast
  8020 | D:9      | Reached skill level 5 in Fighting
  8168 | D:9      | XOM: summons 5 friendly demons
  8170 | D:9      | Reached skill level 5 in Armour
  8313 | D:9      | XOM: divination: magic mapping
  8314 | D:9      | XOM: cleaving
  8316 | D:9      | Reached skill level 17 in Axes
  8331 | D:9      | XOM: give mutations
  8331 | D:9      | Gained mutation: Your system is resistant to poisons. (rPois) [Xom's grace]
  8331 | D:9      | Gained mutation: You are covered in fur. (AC +1) [Xom's grace]
  8425 | D:9      | XOM: divination: detect creatures
  8626 | D:10     | Entered Level 10 of the Dungeon
  8844 | D:10     | Reached XP level 11. HP: 90/90 MP: 8/8
  8861 | D:10     | Noticed a two-headed ogre
  8868 | D:10     | Killed a two-headed ogre
  8959 | D:10     | Found a shattered altar of Ashenzari.
  9010 | D:10     | XOM: divination: detect items
  9022 | D:10     | XOM: scenery: create altars
  9052 | D:10     | Noticed a two-headed ogre
  9059 | D:10     | XOM: harmless Air miscast
  9062 | D:10     | Killed a two-headed ogre
  9062 | D:10     | Reached skill level 5 in Dodging
  9108 | D:10     | Noticed a two-headed ogre
  9114 | D:10     | Killed a two-headed ogre
  9123 | D:10     | XOM: confuse monster(s)
  9205 | D:10     | Noticed a two-headed ogre
  9205 | D:10     | XOM: potion effect (haste)
  9213 | D:10     | Killed a two-headed ogre
  9316 | D:10     | XOM: summons 2 hostile demons
  9386 | Lair:1   | Entered Level 1 of the Lair of Beasts
  9411 | Lair:1   | Noticed Erica
  9421 | Lair:1   | Killed Erica
  9655 | Lair:1   | XOM: enchant monster (bad)
  9680 | Lair:1   | Reached skill level 18 in Axes
  9861 | Lair:1   | XOM: swap monsters
  9866 | Lair:1   | XOM: confusion
  9881 | Lair:1   | XOM: summons 5 hostile demons
 10035 | Lair:1   | XOM is BORED!
 10035 | Lair:1   | XOM: noise
 10167 | Lair:2   | Noticed TotoDurand's ghost (journeyman DENe)
 10183 | Lair:2   | Killed TotoDurand's ghost
 10255 | Lair:2   | Noticed a four-headed hydra
 10265 | Lair:2   | Killed a four-headed hydra
 10265 | Lair:2   | Reached skill level 1 in Evocations
 10581 | Lair:2   | XOM: polymorph hippogriff -> dream sheep
 10584 | Lair:2   | Reached XP level 12. HP: 103/103 MP: 10/10
 10748 | Lair:2   | XOM: noise
 10749 | Lair:2   | XOM: swap monsters
 10781 | Lair:2   | XOM: draining
 10882 | Lair:2   | XOM: give mutation
 10882 | Lair:2   | Gained mutation: You are frail. (-10% HP) [Xom's mischief]
 11042 | Lair:2   | XOM: mild Erth miscast
 11043 | Lair:2   | XOM: harmless Ice miscast
 11046 | Lair:2   | XOM: blink monster(s)
 11082 | Lair:2   | XOM: mild Divn miscast
 11133 | Lair:2   | XOM: cloud trail
 11355 | Lair:3   | XOM: mild Erth miscast
 11918 | Lair:3   | XOM: butterfly on damage
 11990 | Lair:4   | Found a white marble altar of Elyvilon.
 12007 | Lair:4   | XOM: god gift: scintillating jade ring {god gift}
 12014 | Lair:4   | Got a scintillating jade ring {god gift}
 12015 | Lair:4   | Identified the ring "Abar" {MP+9 Dex+8} (Xom gifted it to you on level 4 of the Lair of Beasts)
 12166 | Lair:4   | XOM: 1-stop teleportation journey
 12256 | Lair:4   | Found a staircase to the Swamp.
 12264 | Lair:4   | XOM: destruction
 12312 | Lair:4   | XOM: confusion
 12315 | Lair:4   | XOM: scenery: create altars
 12320 | Lair:4   | Noticed a ghost crab
 12320 | Lair:4   | a komodo dragon changed into a ghost crab
 12320 | Lair:4   | XOM: polymorph komodo dragon -> ghost crab
 12337 | Lair:4   | XOM: harmless Ice miscast
 12338 | Lair:4   | Killed a ghost crab
 12613 | Lair:4   | Found a hole to the Spider Nest.
 12710 | Lair:4   | Got an encrusted short sword
 12782 | Lair:4   | Reached skill level 19 in Axes
 12905 | Lair:5   | Noticed a catoblepas
 12917 | Lair:5   | Noticed a minotaur
 12917 | Lair:5   | a catoblepas changed into a minotaur
 12917 | Lair:5   | XOM: polymorph catoblepas -> minotaur
 12926 | Lair:5   | Killed a minotaur
 12990 | Lair:5   | XOM: 1-stop teleportation journey
 13297 | Lair:5   | XOM: mild Necr miscast
 13329 | Lair:5   | Noticed a five-headed hydra
 13349 | Lair:5   | Killed a six-headed hydra
 13686 | Lair:5   | Found a runed door.
 13687 | Lair:5   | Found a viscous altar of Jiyva.
 13688 | Lair:5   | Found a staircase to the Slime Pits.
 13763 | Lair:6   | Entered Level 6 of the Lair of Beasts
 13838 | Lair:6   | Reached XP level 13. HP: 101/101 MP: 13/13
 13863 | Lair:6   | XOM: enchant monster (bad)
 13965 | Lair:6   | XOM: harmless Air miscast
 13965 | Lair:6   | Gained mutation: You are clumsy. (Dex -2) [mutagenic glow]
 14032 | Lair:6   | XOM: confuse monster(s)
 14037 | Lair:6   | Reached skill level 10 in Fighting
 14222 | Lair:5   | XOM: harmless Tmut miscast
 14331 | Lair:5   | XOM: summons 4 friendly demons
 14513 | Lair:5   | XOM: medium Tmut miscast
 14610 | Lair:5   | XOM: god gift: scroll of amnesia
 14762 | D:11     | Found a basalt altar of Yredelemnul.
 14981 | D:11     | XOM: noise
 15192 | D:11     | Found a staircase to the Orcish Mines.
 15498 | D:11     | XOM: cleaving
 15549 | Orc:1    | Entered Level 1 of the Orcish Mines
 15559 | Orc:1    | XOM: smoke on damage
 15644 | Orc:1    | Noticed Gastronok
 15644 | Orc:1    | XOM: fog
 15663 | Orc:1    | XOM: mild Hex miscast
 15668 | Orc:1    | Killed Gastronok
 15714 | Orc:2    | Entered Level 2 of the Orcish Mines
 15729 | Orc:1    | Found a frozen archway.
 15802 | IceCv    | Entered an ice cave
 15812 | IceCv    | Reached skill level 20 in Axes
 15813 | IceCv    | XOM: noise
 15831 | IceCv    | XOM: summons 1 hostile demon
 15842 | IceCv    | XOM: polymorph ice beast -> golden eye
 15865 | IceCv    | XOM: blink monster(s)
 15879 | IceCv    | XOM: enchant monster (good)
 15880 | IceCv    | XOM: cast spell 'Disjunction'
 15881 | IceCv    | XOM: swap monsters
 15883 | IceCv    | XOM: divine lightning (protected)
 15887 | IceCv    | XOM: fog
 15993 | Orc:1    | XOM: 2-stop teleportation journey
 16010 | Orc:1    | Gained mutation: You are weak. (Str -2) [mutagenic glow]
 16035 | Orc:1    | Identified Xom's Tome of the Nexus (Xom gifted it to you on level 1 of the Orcish Mines)
 16035 | Orc:1    | XOM: god gift: Xom's Tome of the Nexus
 16162 | Orc:1    | XOM: harmless Tloc miscast
 16195 | Orc:1    | XOM: god gift: potion of berserk rage
 16354 | Orc:1    | XOM: summons friendly quasit
 16586 | Orc:2    | Found a roughly hewn altar of Beogh.
 16638 | Orc:2    | XOM: severe Tmut miscast
 16684 | Orc:2    | Found a staircase to the Elven Halls.
 16697 | Orc:2    | XOM: divination: detect items
 16883 | Orc:2    | Found a runed door.
 17107 | Orc:2    | Noticed an orc warlord
 17113 | Orc:2    | XOM: cast spell 'Summon Horrible Things'
 17146 | Orc:2    | XOM: polymorph orc wizard -> ooze
 17153 | Orc:2    | Killed an orc warlord
 17153 | Orc:2    | Reached skill level 21 in Axes
 17153 | Orc:2    | Reached XP level 14. HP: 31/111 MP: 14/14
 17312 | Orc:2    | Found Nybos's Antique Weapon Emporium.
 17313 | Orc:2    | Found a roughly hewn altar of Beogh.
 17314 | Orc:2    | Found Ducwato's Antique Armour Shoppe.
 17386 | Orc:2    | XOM: medium Pois miscast
 17553 | Orc:2    | Found a roughly hewn altar of Beogh.
 17620 | Orc:2    | Found a roughly hewn altar of Beogh.
 17639 | Orc:2    | Found Yguesule's Armour Shoppe.
 17715 | Orc:2    | Found a roughly hewn altar of Beogh.
 17716 | Orc:2    | Found Oneirghe's Armour Emporium.
 17719 | Orc:2    | XOM: harmless Erth miscast
 17748 | Orc:2    | Bought a +2 cloak of magic resistance for 279 gold pieces
 17769 | Orc:2    | Bought +0 ice dragon scales for 780 gold pieces
 17799 | Orc:2    | Found a roughly hewn altar of Beogh.
 17991 | Orc:2    | XOM: destruction
 17998 | Orc:2    | XOM: blink monster(s)
 18002 | Orc:2    | Gained mutation: You have large cloven feet. [a neqoxec]
 18005 | Orc:2    | Lost mutation: Your magical capacity is low. (-10% MP) [a neqoxec]
 18175 | Orc:2    | Found a roughly hewn altar of Beogh.
 18519 | D:12     | XOM: draining
 18550 | D:12     | Noticed a fire giant
 18551 | D:12     | XOM: butterfly on damage
 18577 | D:12     | Killed a fire giant
 18723 | D:12     | XOM: scenery: create altars
 18759 | D:12     | Reached skill level 22 in Axes
 18834 | D:12     | XOM is BORED!
 19036 | D:13     | XOM: confuse monster(s)
 19057 | D:13     | XOM: polymorph two-headed ogre -> floating eye
 19154 | D:13     | XOM: scenery: 2 doors open
 19233 | D:13     | XOM: summons friendly iron imp
 19234 | D:13     | XOM: give mutations
 19234 | D:13     | Gained mutation: You are covered in thick fur. (AC +2) [Xom's grace]
 19234 | D:13     | Gained mutation: You evolve. [Xom's grace]
 19234 | D:13     | Gained mutation: You are highly resistant to hostile enchantments. (MR++) [Xom's grace]
 19293 | D:13     | XOM: god gift: pair of gloves {god gift}
 19457 | D:13     | XOM: 4-stop teleportation journey
 19542 | D:13     | XOM: scenery: create altars
 19676 | D:13     | Found a gate to the Vaults.
 19676 | D:13     | XOM: scenery: create altars
 19689 | D:13     | XOM: god gift: scroll of immolation
 19800 | D:13     | XOM: fake destruction
 19809 | D:13     | XOM: scenery: 1 doors open
 19825 | D:13     | XOM: give mutations
 19825 | D:13     | Gained mutation: Your spells are a little harder to cast, but a little more powerful. [Xom's grace]
 19825 | D:13     | Gained mutation: You have supernaturally acute eyesight. (SInv) [Xom's grace]
 19825 | D:13     | Gained mutation: You can translocate small distances at will. [Xom's grace]
 19825 | D:13     | Gained mutation: Your mind is acute. (Int +2) [Xom's grace]
 19942 | D:13     | XOM: god gift: scroll of vulnerability
 20153 | D:14     | Got a polished broad axe
 20154 | D:14     | Identified the cursed +1 broad axe of the Dead {freeze, rN+} (You found it on level 14 of the Dungeon)
 20162 | D:14     | XOM: potion effect (invisibility)
 20309 | D:14     | XOM: potion effect (haste)
 20356 | D:14     | XOM: divination: detect items
 20449 | D:14     | Reached skill level 23 in Axes
 20495 | D:14     | Found Qaddec's Gadget Emporium.
 20498 | D:14     | Bought a wand of disintegration (10/24) for 224 gold pieces
 20586 | D:14     | Identified the +7 short sword of Risch {speed, rN+ Str+4} (You found it on level 4 of the Lair of Beasts)
 20660 | D:14     | XOM: harmless Erth miscast
 20730 | D:14     | XOM: potion effect (might)
 20732 | D:14     | XOM: cast spell 'Call Canine Familiar'
 20763 | D:15     | Entered Level 15 of the Dungeon
 20809 | D:15     | Noticed Azrael
 20809 | D:15     | XOM: potion effect (agility)
 20810 | D:15     | XOM: divine lightning
 20830 | D:15     | XOM: harmless Tmut miscast
 20866 | D:14     | XOM: torment (29/111 hp)
 20931 | D:14     | XOM: medium Conj miscast
 21016 | D:15     | XOM: enchant monster (bad)
 21025 | D:15     | Killed Azrael
 21175 | D:15     | XOM: confusion (+ monsters)
 21180 | D:15     | Noticed Josephine
 21201 | D:15     | XOM: cleaving
 21205 | D:15     | HP: 1/166 [Josephine/vampiric draining (24)]
 21222 | D:15     | Killed Josephine
 21237 | D:15     | Noticed Rupert
 21264 | D:15     | XOM: mild Erth miscast
 21269 | D:15     | Killed Rupert
 21269 | D:15     | Reached XP level 15. HP: 21/116 MP: 17/17
 21269 | D:15     | XOM: give mutations
 21269 | D:15     | Lost mutation: You are frail. (-10% HP) [Xom's mischief]
 21269 | D:15     | Lost mutation: You are weak. (Str -2) [Xom's mischief]
 21269 | D:15     | Lost mutation: You have large cloven feet. [Xom's mischief]
 21711 | D:15     | Found a staircase to the Depths.
 21735 | D:15     | XOM: chaos upgrade
 21838 | D:15     | XOM: cleaving
 21906 | D:15     | XOM: blink monster(s)
 21913 | D:15     | Reached skill level 24 in Axes
 21915 | D:15     | XOM: give mutation
 21915 | D:15     | Lost mutation: You are partially covered in thin metallic scales. (AC +2) [Xom's mischief]
 21922 | D:15     | XOM: summons friendly crimson imp
 22037 | D:13     | XOM: mild Chrm miscast
 22754 | Lair:6   | Lost mutation: You are clumsy. (Dex -2) [evolution]
 23325 | Lair:6   | Found a large runed door.
 23328 | Lair:6   | Found a large runed door.
 23530 | Lair:6   | XOM: scenery: create altars
 23592 | Lair:6   | Reached skill level 25 in Axes
 23724 | Lair:6   | XOM: silly message
 23876 | Swamp:1  | Entered Level 1 of the Swamp
 23902 | Swamp:1  | XOM: harmless Tmut miscast
 23926 | Swamp:1  | Got a polished chain mail
 23927 | Swamp:1  | Identified the +14 chain mail of Optimism {Dex+6} (You found it on level 1 of the Swamp)
 23970 | Swamp:1  | XOM: noise
 24319 | Swamp:1  | XOM: noise
 24526 | Swamp:1  | XOM: noise
 24570 | Swamp:1  | XOM: harmless Fire miscast
 24790 | Swamp:3  | Noticed Roxanne
 24802 | Swamp:3  | XOM: cast spell 'Ring of Flames'
 24810 | Swamp:3  | XOM: cast spell 'Summon Hydra'
 24842 | Swamp:3  | Killed Roxanne
 24843 | Swamp:3  | Identified Roxanne's Compendium of Transmutation (You took it off Roxanne on level 3 of the Swamp)
 24869 | Swamp:3  | Reached XP level 16. HP: 115/137 MP: 18/18
 24870 | Swamp:3  | XOM: cleaving
 24986 | Swamp:2  | XOM: scenery: create altars
 25020 | Swamp:2  | Reached skill level 26 in Axes
 25025 | Swamp:2  | XOM: scenery: create altars
 25061 | Swamp:2  | XOM: potion effect (might)
 25083 | Swamp:2  | XOM: confuse monster(s)
 25595 | Swamp:2  | Gained mutation: Your muscles are strong. (Str +2) [evolution]
 25645 | Swamp:3  | XOM: give mutations
 25645 | Swamp:3  | Gained mutation: Your flesh is cold resistant. (rC+) [Xom's grace]
 25645 | Swamp:3  | Gained mutation: You have a pair of large horns on your head. [Xom's grace]
 25783 | Swamp:3  | XOM: polymorph six-headed hydra -> alligator
 26079 | Swamp:3  | XOM: harmless Erth miscast
 26439 | Swamp:4  | Entered Level 4 of the Swamp
 26476 | Swamp:4  | XOM: 4-stop teleportation journey
 26477 | Swamp:4  | XOM: potion effect (curing)
 26581 | Swamp:4  | Noticed Jorgrun
 26593 | Swamp:4  | XOM: enchant monster (bad)
 26610 | Swamp:4  | Killed Jorgrun
 26611 | Swamp:4  | XOM: confusion
 26616 | Swamp:4  | XOM: confusion (+ monsters)
 26628 | Swamp:4  | Reached skill level 27 in Axes
 26658 | Swamp:4  | XOM: enchant monster (good)
 26662 | Swamp:4  | XOM: enchant monster (good)
 26668 | Swamp:4  | Reached skill level 10 in Dodging
 26743 | Swamp:4  | Noticed Mara
 26761 | Swamp:4  | XOM: divine lightning (protected)
 26770 | Swamp:4  | XOM: divine lightning
 26774 | Swamp:4  | Noticed nht's illusion
 26775 | Swamp:4  | XOM: smoke on damage
 26827 | Swamp:4  | XOM: cloud trail
 26930 | Swamp:4  | XOM: 5-stop teleportation journey
 26950 | Swamp:4  | XOM: swap monsters
 26961 | Swamp:4  | Killed Mara
 26961 | Swamp:4  | Reached skill level 10 in Armour
 27264 | Swamp:4  | Got a decaying rune of Zot
 27409 | Swamp:4  | XOM: medium Necr miscast
 27944 | Depths:1 | Entered Level 1 of the Depths
 27955 | Depths:1 | XOM: enchant monster (bad)
 28030 | Depths:1 | XOM: mild Erth miscast
 28138 | Depths:1 | Gained mutation: You have large cloven feet. [evolution]
 28156 | Depths:1 | XOM: silly message
 28189 | Depths:1 | XOM: harmless Summ miscast
 28209 | Depths:1 | XOM: summons 2 friendly demons
 28212 | Depths:1 | XOM: confusion (+ monsters)
 28220 | Depths:1 | Reached XP level 17. HP: 103/146 MP: 19/19
 28374 | Depths:1 | Found a runed door.
 28453 | Depths:1 | XOM: swap monsters
 28605 | Depths:1 | XOM: draining
 28634 | Depths:1 | XOM: blink monster(s)
 28636 | Depths:1 | XOM: confusion (+ monsters)
 28637 | Depths:1 | XOM: harmless Conj miscast
 28638 | Depths:1 | XOM: stat loss: -1 Str (22/23)
 28644 | Depths:1 | XOM: harmless Ice miscast
 28647 | Depths:1 | XOM: summons friendly crimson imp
 28653 | Depths:1 | XOM: enchant monster (bad)
 28696 | Depths:1 | XOM: harmless Tmut miscast
 28710 | Depths:1 | XOM: enchant monster (bad)
 28718 | Depths:1 | XOM: noise
 28723 | Depths:1 | XOM: summons friendly quasit
 28730 | Depths:1 | XOM: summons 3 friendly demons
 28874 | Depths:1 | XOM: give mutations
 28874 | Depths:1 | Lost mutation: You are covered in thick fur. (AC +2) [Xom's mischief]
 28874 | Depths:1 | Lost mutation: You evolve. [Xom's mischief]
 28874 | Depths:1 | Lost mutation: You can translocate small distances at will. [Xom's mischief]
 28874 | Depths:1 | Lost mutation: You have large cloven feet. [Xom's mischief]
 29087 | Depths:1 | Found a gateway to a ziggurat.
 29088 | Depths:1 | XOM: summons friendly crimson imp
 29093 | Depths:1 | XOM: chaos upgrade
 29149 | Depths:1 | XOM: destruction
 29228 | Depths:1 | XOM: scenery: 1 doors close
 29238 | Depths:1 | XOM: noise
 29240 | Depths:1 | XOM: summons 2 friendly demons
 29259 | Depths:1 | XOM: divination: detect creatures
 29359 | Depths:1 | XOM: divination: magic mapping
 29473 | Depths:1 | XOM: summons 4 friendly demons
 29599 | Depths:1 | XOM: god gift: scroll of enchant armour
 29640 | Depths:1 | Found a one-way gate to the infinite horrors of the Abyss.
 29971 | Depths:2 | XOM: 3-stop teleportation journey
 29973 | Depths:2 | XOM: torment (70/151 hp)
 29975 | Depths:2 | XOM: polymorph ettin -> entropy weaver
 29978 | Depths:2 | XOM: mild Tloc miscast
 29985 | Depths:2 | XOM: 4-stop teleportation journey
 29996 | Depths:2 | XOM: severe Conj miscast
 29998 | Depths:2 | HP: 1/151 [skeletal warrior/mace (11)]
 30001 | Depths:2 | XOM: potion effect (berserk rage)
 30016 | Depths:2 | HP: 2/151 [skeletal warrior/scimitar[a skeletal warrior] (13)]
 30026 | Depths:2 | HP: 7/152 [??? (4)]
 30039 | Depths:2 | HP: 7/152 [flying skull (6)]
 30253 | Depths:2 | XOM: blink monster(s)
 30255 | Depths:2 | Reached XP level 18. HP: 85/160 MP: 20/20
 30288 | Depths:2 | XOM: noise
 30375 | Depths:2 | XOM: torment (47/161 hp)
 30495 | Depths:2 | XOM: 4-stop teleportation journey
 30662 | Depths:2 | XOM: polymorph cyan very ugly thing -> titan
 30706 | Depths:2 | Found a gateway to Hell.
 30843 | Depths:2 | Reached skill level 15 in Fighting
 31191 | Depths:2 | XOM: divination: magic mapping
 31210 | Depths:2 | XOM: harmless Erth miscast
 31285 | Depths:3 | XOM: cast spell 'Discord'
 31291 | Depths:3 | Noticed Margery
 31292 | Depths:3 | XOM: scenery: create altars
 31299 | Depths:3 | Killed Margery
 31342 | Depths:3 | Noticed Nikola
 31352 | Depths:3 | Killed Nikola
 31450 | Depths:3 | XOM: 1-stop teleportation journey
 31482 | Depths:3 | XOM: harmless Erth miscast
 31511 | Depths:3 | Found a one-way gate leading to the halls of Pandemonium.
 31515 | Depths:3 | XOM: 1-stop teleportation journey
 31521 | Depths:3 | XOM: summons 9 hostile demons
 31533 | Depths:3 | Mangled by a stone giant simulacrum

Vault maps used:
D:1:      dpeg_chamrin_arrival_tetris
D:2:      kennysheep_big_flooded_room, first_bread, st_stairs_13, minmay_cupped
D:3:      overflow_temple_1_default, grunt_dithmenos_smoke_and_mirrors
D:4:      serial_shops, shop, trog_butcher_becter
D:5:      kennysheep_spiral_hall
D:6:      kennysheep_mini
D:7:      zin_treasury, gammafunk_temple_overflow_elements, serial_shops,
          shop_fountains
D:8:      nicolae_overflow_crystal_walls, kennysheep_just_a_vault
D:9:      kennysheep_housing_project, minitemple, lair_entry_dummy, uniq_maurice
D:10:     basic_altar, minmay_misc_feat_roman
D:11:     orc_0_dummy, basic_altar
D:12:     minmay_firetagon
D:13:     david_vaults_5, hangedman_stone_soup, minmay_crystal_water
D:14:     serial_shops, nicolae_shop_behind_doors, minmay_strange_pillars
D:15:     gammafunk_depths_entry_grave, uniq_josephine, uniq_azrael, uniq_rupert
Lair:1:   infiniplex_staircase_pool_2, grunt_megastairs_4, uniq_erica
Lair:2:   serial_bayou_shore_a, lemuel_fruit_tree, grunt_megastairs_2,
          serial_bayou_shore_b
Lair:3:   infiniplex_staircase_pool
Lair:4:   swamp_mist_pool, spider_nest_entry_funnel_web, basic_altar,
          minmay_lair_oklob_items, serial_bayou_shore_b
Lair:5:   slime_altar_2, grunt_megastairs_1, minmay_lair_oklob_chamber
Lair:6:   cheibrodos_lair_end_hotspot, worms_lemuel
Swamp:1:  nicolae_swamp_orc_logging_accident, swamp_pool1
Swamp:2:  nicolae_swamp_fairy_circle
Swamp:3:  evilmike_swamp_ruin_rubble_2, uniq_roxanne
Swamp:4:  swamp_icy, uniq_mara, uniq_jorgrun
Orc:1:    portal_ice_cave_entry_ice_beasts, statue_in_the_mist_lemuel,
          lightli_orcish_oven, uniq_gastronok
Orc:2:    grunt_orc_community_town_hall, grunt_orc_community_big_house_2,
          grunt_orc_community_big_house_1, grunt_orc_community_house_3,
          grunt_orc_community_house_2, grunt_orc_community_house_2,
          grunt_orc_community_house_3, basic_altar, lightli_church_of_beogh
Depths:1: enter_ziggurat_e, minmay_misc_feat_four_crosses, abyss_entry_crystal,
          hellmouth_1, lightli_gold_pyramid
Depths:2: minmay_skeleton_keep, serial_sigils, serial_sigils_hangedman_writhe,
          serial_sigils_hangedman_leer, serial_sigils_hangedman_scar,
          serial_sigils_hangedman_shear, serial_sigils_hangedman_confine,
          hangedman_coc_ice_floe
Depths:3: minmay_broken_ring, roderic_lattice_octagonal_star, hell_entry,
          pan_entry, roderic_malta_cross, firewood_loft, uniq_nikola,
          uniq_margery
Abyss:1:  evilmike_abyss_exit_12
IceCv:    ice_cave_statue_garden_chambered

Skill      XL: |  1  2  3  4  5  6  7  8  9 10 11 12 13 14 15 16 17 18 |
---------------+-------------------------------------------------------+-----
Axes           | 4 5 6 8 9 11 14 16 17 18 19 21 23 25 27 | 27.0
Armour         | 3 5 7 9 10 13 14 | 14.7
Fighting       | 6 8 9 11 12 14 15 | 15.7
Dodging        | 4 6 8 9 11 13 14 | 14.4
Evocations     | 1 3 4 |  4.4

Action                   |  1- 3 |  4- 6 |  7- 9 | 10-12 | 13-15 | 16-18 || total
-------------------------+-------+-------+-------+-------+-------+-------++-------
Melee: Hand axe          |    64 |       |       |       |       |       ||    64
       Headbutt          |     5 |    19 |    38 |   129 |   300 |   267 ||   758
       War axe           |       |   162 |   200 |   610 |    94 |       ||  1066
       Battleaxe         |       |       |       |       |   181 |       ||   181
       Executioner's axe |       |       |       |       |   624 |   295 ||   919
       Unarmed           |       |       |       |       |     9 |       ||     9
       Great mace        |       |       |       |       |   384 |   563 ||   947
Throw: Javelin           |       |       |       |       |     1 |       ||     1
 Abil: Evoke Berserk Rag |       |       |       |     1 |     1 |       ||     2
       Evoke Flight      |       |       |       |       |       |     2 ||     2
Evoke: Wand              |       |       |       |    31 |    13 |    17 ||    61
       Phial of floods   |       |       |       |       |     2 |       ||     2
       Lamp of fire      |       |       |       |       |     1 |     1 ||     2
  Use: Potion            |       |    12 |     1 |     6 |    13 |    19 ||    51
       Scroll            |       |     9 |     4 |    13 |    14 |     8 ||    48
 Stab: Sleeping          |       |       |     1 |     9 |     1 |       ||    11
       Distracted        |       |       |     1 |       |     3 |     1 ||     5
       Invisible         |       |       |       |     4 |     3 |       ||     7
       Confused          |       |       |       |     1 |       |     1 ||     2
       Petrified         |       |       |       |       |       |     3 ||     3
  Eat: Chunk             |     1 |     6 |    13 |    20 |    36 |    14 ||    90
       Fruit             |       |       |       |     1 |       |       ||     1
       Pizza             |       |       |       |       |     2 |     6 ||     8
Armor: Leather armour    |    30 |    58 |    88 |   115 |   109 |       ||   400
       Skin              |       |    16 |       |     4 |     1 |       ||    21
       Ice dragon scales |       |       |       |       |   456 |       ||   456
       Chain mail        |       |       |       |       |    29 |   523 ||   552
Dodge: Dodged            |    40 |    86 |    94 |   320 |   922 |   535 ||  1997
